 Dungeon Crawl Stone Soup version 0.25-a0-294-gea9b1ad378 (webtiles) character file.

Game seed: 8524966491566164739, levelgen mode: classic

57 Borgoz the Skirmisher (level 4, 0/29 HPs)
             Began as a Kobold Fighter on Dec 18, 2019.
             Slain by a hippogriff (1 damage)
             ... on level 2 of the Dungeon.
             The game lasted 00:01:25 (1358 turns).

Borgoz the Skirmisher (Kobold Fighter)              Turns: 1358, Time: 00:01:26

Health: 0/29       AC:  6    Str: 13    XL:     4   Next: 18%
Magic:  4/4        EV: 12    Int:  9    God:
Gold:   59         SH:  0    Dex: 15    Spells: 3/3 levels left

rFire    . . .     SeeInvis .   a - +0 rapier
rCold    . . .     Gourm    .   (shield restricted)
rNeg     . . .     Faith    .   b - +0 scale mail
rPois    .         Spirit   .   (no helmet)
rElec    .         Reflect  .   (no cloak)
rCorr    .         Harm     .   (no gloves)
MR       .....                  (no boots)
Stlth    ..........             (no amulet)
HPRegen  0.09/turn              (no ring)
MPRegen  0.09/turn              (no ring)

@: no status effects
A: small, carnivore
a: no special abilities


You were on level 2 of the Dungeon.
You were completely stuffed.

You visited 1 branch of the dungeon, and saw 2 of its levels.

You collected 59 gold pieces.

Inventory:

Hand Weapons
 a - a +0 rapier (weapon)
Armour
 b - a +0 scale mail (worn)
 c - a +0 shield
Scrolls
 d - a scroll of remove curse {unknown}
 h - a scroll of identify {unknown}
 j - a scroll of immolation {unknown}
 m - 3 scrolls of enchant weapon {unknown}
 o - a scroll of teleportation {unknown}
Potions
 e - a potion of mutation {unknown}
 g - 2 potions of flight {unknown}
 i - 2 potions of curing
 k - a potion of brilliance {unknown}
 l - 2 potions of heal wounds {unknown}
 n - 2 potions of degeneration {unknown}
Comestibles
 f - 3 rations


   Skills:
 + Level 3.8 Fighting
 + Level 3.6 Short Blades
 + Level 2.8 Armour
 + Level 1.8 Dodging
 - Level 2.4 Shields


You had 3 spell levels left.
You didn't know any spells.
Your spell library was empty.

Dungeon Overview and Level Annotations

Branches:
Dungeon (2/15)

Altars:


Innate Abilities, Weirdness & Mutations

You are small and have problems with some larger weapons.
You are carnivorous and can eat meat at any time.


Message History

You are too injured to fight recklessly!
Unknown command.
Okay, then.
Okay, then.
It was a potion of curing.
You feel better.
You barely miss the hippogriff. The hippogriff bites you!
The hippogriff misses you.
The hippogriff claws you but does no damage.
The hippogriff barely misses you. x2
The hippogriff claws you but does no damage.
You are too injured to fight recklessly!
You are too injured to fight recklessly!
You barely miss the hippogriff. The hippogriff bites you!
* * * LOW HITPOINT WARNING * * *
The hippogriff misses you. The hippogriff closely misses you.
You hit the hippogriff but do no damage.
The hippogriff bites you but does no damage.
The hippogriff pecks you but does no damage.
The hippogriff claws you.
You die...

..........#####
###..#...####
##........# #
#........# #
#........# #
#........# #
#........# #
#######K.......# #
#...@Hgg.......# #
#.#######..##### ..
#. ##.## ..# ###.##
###..#### ..# .....
#.......## ...
#.#.#.####........#
..
#........g........#
#..###g###........#
#?(K)$#.##.....#


You could see a hippogriff, 2 goblins and a kobold.

Vanquished Creatures
  Terence (D:2)
  An ooze (D:2)
  2 worms (D:2)
  A dart slug (D:1)
  3 bats
  A giant cockroach (D:1)
  2 goblins (D:2)
  4 hobgoblins
  4 kobolds
  A frilled lizard (D:1)
  4 rats
24 creatures vanquished.

Notes
Turn   | Place    | Note
-------+----------+-------------------------------------------
     0 | D:1      | Borgoz the Kobold Fighter began the quest for the Orb.
     0 | D:1      | Reached XP level 1. HP: 14/14 MP: 1/1
   210 | D:1      | Reached XP level 2. HP: 19/19 MP: 2/2
   245 | D:1      | Reached skill level 1 in Dodging
   785 | D:2      | Reached XP level 3. HP: 5/23 MP: 3/3
  1074 | D:2      | Noticed Terence
  1097 | D:2      | Killed Terence
  1097 | D:2      | Reached XP level 4. HP: 12/29 MP: 4/4
  1337 | D:2      | Noticed a hippogriff
  1357 | D:2      | HP: 1/29 [hippogriff (9)]
  1358 | D:2      | Slain by a hippogriff

Levels and vault maps discovered:
D:1:      psy_arrival_radial02, layout_basic
D:2:      layout_basic, kennysheep_slug_shrine, minmay_split_cup_large,
          uniq_terence

Skill      XL: |  1  2 |
---------------+-------+-----
Short Blades   | 3 |  3.6
Dodging        | 1 |  1.8
Fighting       | |  3.8
Armour         | |  2.8
Shields        | |  2.4

Action                   |  1- 3 |  4- 6 || total
-------------------------+-------+-------++-------
Melee: Rapier            |    65 |    15 ||    80
  Use: Potion            |     1 |     1 ||     2
  Eat: Chunk             |     9 |     1 ||    10
Armor: Scale mail        |    23 |     9 ||    32
Dodge: Dodged            |    41 |    13 ||    54

Table legend:
 A = Non-vault XP
 B = Vault XP
 C = Vault XP percentage of total XP
 D = Non-vault monster count
 E = Vault monster count
 F = Vault count percentage of total count
                 A         B        C        D         E       F
            +---------+---------+-------+---------+---------+-------
      Total |      50 |      32 |  39.0 |      23 |       1 |   4.2
            +---------+---------+-------+---------+---------+-------
        D:1 |      24 |       0 |   0.0 |      14 |       0 |   0.0
        D:2 |      26 |      32 |  55.2 |       9 |       1 |  10.0
            +---------+---------+-------+---------+---------+-------
